 Dungeon Sprint DCSS version 0.29.1-2-gbd0b4ee654 (webtiles) character file.

Game seed: 7268530714557526604

11816 Zeld the Executioner (level 11, -2/171 HPs)
             Began as a Minotaur Berserker on Oct 24, 2022.
             Was the Champion of Trog.
             Slain by a shadow wraith (12 damage)
             ... in the Dungeon (Sprint VII: "The Pits").
             The game lasted 00:03:48 (2914 turns).

Zeld the Executioner (Minotaur Berserker)           Turns: 2914, Time: 00:03:48

Health: -2/171     AC: 16    Str: 33    XL:     11   Next: 54%
Magic:  10/10      EV: 19    Int:  4    God:    Trog [******]
Gold:   0          SH:  0    Dex: 14    Spells: 10/10 levels left

rFire   . . .      SeeInvis .   a - +7 battleaxe "Ywobri" {vorpal, Str+4 Dex+4}
rCold   . . .      Faith    .   (shield currently unavailable)
rNeg    . . .      Spirit   .   k - +3 chain mail
rPois   .          Reflect  .   (helmet restricted)
rElec   .          Harm     .   (no cloak)
rCorr   .          Rampage  .   (no gloves)
Will    .....      NoTele   +   (no boots)
Stlth   ..........              (no amulet)
HPRegen 0.38/turn               m - +3 ring of evasion
MPRegen 0.12/turn               b - +3 ring of strength

@: berserking, lethally poisoned (-2 -> -19), very quick
A: horns 2, retaliatory headbutt
a: Renounce Religion, Berserk, Trog's Hand, Brothers in Arms


You were in the Dungeon.
You worshipped Trog.
Trog was exalted by your worship.
You visited 1 branch

Inventory:

Hand Weapons
 a - the +7 battleaxe "Ywobri" (weapon) {vorpal, Str+4 Dex+4}
   (Trog gifted it to you in the Dungeon)

   It inflicts extra damage upon your enemies.
   Str:       It affects your strength (+4).
   Dex:       It affects your dexterity (+4).
Armour
 k - a +3 chain mail (worn)
Jewellery
 b - a +3 ring of strength (right hand)
 m - a +3 ring of evasion (left hand)
Potions
 c - 10 potions of curing
 d - 8 potions of heal wounds
 e - 2 potions of haste
 f - 4 potions of magic
 g - 3 potions of berserk rage
 i - 2 potions of invisibility
 l - a potion of might


   Skills:
 + Level 16.0 Fighting
 * Level 21.6 Axes
 + Level 15.8 Armour
 + Level 14.5 Dodging


You had 10 spell levels left.
You didn't know any spells.
Your spell library was empty.

Dungeon Overview and Level Annotations

Branches:
Dungeon (1/1)

Altars:
Ashenzari
Cheibriados
Dithmenos
Elyvilon
Fedhas
Gozag
Hepliaklqana
Kikubaaqudgha
Makhleb
Nemelex Xobeh
Okawaru
Qazlal
Ru
Sif Muna
Trog
Uskayaw
Vehumet
Wu Jian
Xom
Yredelemnul
Zin
The Shining One
Jiyva
Lugonu


Innate Abilities, Weirdness & Mutations

You have a pair of horns on your head.
You reflexively headbutt those who attack you in melee.


Message History

You slice the orc knight!!
You feel very sick.
You slash the komodo dragon!
The komodo dragon is moderately wounded.
You slice the orc knight!!
You feel very sick.
The orc knight hits you with a +0 glaive.
* * * LOW HITPOINT WARNING * * *
The komodo dragon bites you!
* * * LOW HITPOINT WARNING * * *
Unknown command.
You slash the komodo dragon! You headbutt the komodo dragon!
The komodo dragon is almost dead.
You closely miss the orc knight.
* * * LOW HITPOINT WARNING * * *
You feel very sick.
Unknown command.
Unknown command.
You slice the komodo dragon!!
You kill the komodo dragon!
Trog accepts your kill.
You closely miss the orc knight.
* * * LOW HITPOINT WARNING * * *
You feel very sick.
The orc knight hits you but does no damage.
Your Fighting skill increases to level 16!
Unknown command.
You slash the orc knight!
The orc knight is almost dead.
You slice something!!
* * * LOW HITPOINT WARNING * * *
You feel very sick.
Unknown command.
Unknown command.
You closely miss the orc knight.
The orc knight is almost dead.
You slice something!!
* * * LOW HITPOINT WARNING * * *
You feel sick. The orc knight misses you. Something hits you!
You die...

......+ ......# ......#
'######
'########################
.........#......#.......#
......)..'......#.......#
.#####...#####'##o......#
.'†..#...†......@)t......
.#...#.....†..##)##......
.#...#.#####).#...# .###'
.#####)))..#).#...# #
.))[..)#)..'..##'##
..)....#...#........
'###...#...#........
.))'...#'###...####+
...#...........#


You could see an orc knight and a snapping turtle.

Vanquished Creatures
  Erolcha (D)
  A death yak (D)
  3 skeletal warriors (D)
  2 sea snakes (D)
  2 harpies (D)
  A bog body (D)
  A lindwurm (D)
  2 deep elf zephyrmancers (D)
  A molten gargoyle (D)
  2 smoke demons (D)
  A cane toad (D)
  2 komodo dragons (D)
  A freezing wraith (D)
  A polar bear (D)
  A merfolk (D)
  A shadow (D)
  A ynoxinul (D)
  A yak (D)
  A fire bat (D)
  2 vampire mosquitoes (D)
  A warg (D)
  A water moccasin (D)
  2 orc warriors (D)
  An ice beast (D)
  A wolf (D)
  A kobold brigand (D)
  2 scorpions (D)
  3 wights (D)
  3 killer bees (D)
  A hound (D)
  2 orc priests (D)
  Crazy Yiuf (D)
  Jessica (D)
  A hell rat (D)
  An iguana (D)
  2 orc wizards (D)
  An adder (D)
  A river rat (D)
  2 ufetubi (D)
  9 orcs (D)
  An endoplasm (D)
  A kobold (D)
  A quokka (D)
  A ball python (D)
  2 bats (D)
  2 frilled lizards (D)
73 creatures vanquished.

Vanquished Creatures (collateral kills)
  A harpy (D)
  A black mamba (D)
  A swamp drake (D)
3 creatures vanquished.

Vanquished Creatures (others)
  An orc wizard (D)
1 creature vanquished.

Grand Total: 77 creatures vanquished

Notes
Turn   | Place    | Note
-------+----------+-------------------------------------------
     0 | D        | Zeld the Minotaur Berserker began the quest for the Orb.
     0 | D        | Reached XP level 1. HP: 19/19 MP: 0/0
    22 | D        | Reached skill level 4 in Axes
    22 | D        | Reached XP level 2. HP: 2/27 MP: 1/1
   289 | D        | Found a bloodstained altar of Trog.
   289 | D        | Found a shimmering blue altar of Sif Muna.
   289 | D        | Found a viscous altar of Jiyva.
   289 | D        | Found a hazy altar of Hepliaklqana.
   289 | D        | Found an opulent altar of Gozag.
   290 | D        | Found a glowing golden altar of the Shining One.
   290 | D        | Found a glowing silver altar of Zin.
   290 | D        | Found a basalt altar of Yredelemnul.
   290 | D        | Found a shimmering altar of Xom.
   290 | D        | Found an ornate altar of the Wu Jian Council.
   290 | D        | Found a sacrificial altar of Ru.
   290 | D        | Found a stormy altar of Qazlal.
   290 | D        | Found an iron altar of Okawaru.
   290 | D        | Found a sparkling altar of Nemelex Xobeh.
   290 | D        | Found a burning altar of Makhleb.
   290 | D        | Found a blossoming altar of Fedhas.
   290 | D        | Found a white marble altar of Elyvilon.
   290 | D        | Found a shadowy altar of Dithmenos.
   290 | D        | Found a snail-covered altar of Cheibriados.
   291 | D        | Found a radiant altar of Vehumet.
   291 | D        | Found a corrupted altar of Lugonu.
   292 | D        | Found a hide-covered altar of Uskayaw.
   292 | D        | Found an ancient bone altar of Kikubaaqudgha.
   292 | D        | Found a broken altar of Ashenzari.
   330 | D        | Reached ** piety under Trog
   436 | D        | Reached skill level 5 in Axes
   436 | D        | Noticed a scorpion
   438 | D        | Killed a scorpion
   439 | D        | Reached skill level 5 in Fighting
   439 | D        | Reached skill level 7 in Axes
   439 | D        | Reached XP level 3. HP: 36/36 MP: 2/2
   439 | D        | Reached XP level 4. HP: 42/42 MP: 3/3
   449 | D        | Reached *** piety under Trog
   452 | D        | Reached skill level 5 in Armour
   526 | D        | Noticed Jessica
   532 | D        | Killed Jessica
   532 | D        | Reached **** piety under Trog
   533 | D        | Reached skill level 8 in Axes
   533 | D        | Reached skill level 5 in Dodging
   541 | D        | Noticed an ice beast
   548 | D        | Killed an ice beast
   549 | D        | Reached skill level 9 in Axes
   549 | D        | Reached XP level 5. HP: 52/52 MP: 4/4
   662 | D        | Reached skill level 10 in Axes
   662 | D        | Reached XP level 6. HP: 58/61 MP: 5/5
   785 | D        | Reached skill level 11 in Axes
   787 | D        | Noticed a komodo dragon
   795 | D        | Killed a komodo dragon
   795 | D        | Reached ***** piety under Trog
   796 | D        | Reached skill level 12 in Axes
   796 | D        | Reached XP level 7. HP: 67/70 MP: 6/6
   828 | D        | Noticed a merfolk
   828 | D        | Noticed a ynoxinul
   829 | D        | Noticed Crazy Yiuf
   837 | D        | Killed a ynoxinul
   838 | D        | Reached skill level 13 in Axes
   839 | D        | Killed Crazy Yiuf
   841 | D        | Killed a merfolk
   842 | D        | Reached skill level 10 in Fighting
   842 | D        | Reached XP level 8. HP: 79/79 MP: 7/7
  1014 | D        | Noticed a deep elf zephyrmancer
  1024 | D        | Killed a deep elf zephyrmancer
  1024 | D        | Identified the +11 battleaxe "Ekazuxao" {flame, Dex+4}
                  | (Trog gifted it to you in the Dungeon)
  1024 | D        | Received a gift from Trog
  1025 | D        | Reached skill level 14 in Axes
  1025 | D        | Reached skill level 10 in Armour
  1491 | D        | Noticed a deep elf zephyrmancer
  1500 | D        | Reached skill level 15 in Axes
  1501 | D        | Reached ****** piety under Trog
  1507 | D        | Killed a deep elf zephyrmancer
  1508 | D        | Reached skill level 10 in Dodging
  1508 | D        | Reached XP level 9. HP: 89/89 MP: 8/8
  1681 | D        | Noticed a molten gargoyle
  1681 | D        | Noticed a freezing wraith
  1685 | D        | Killed a freezing wraith
  1685 | D        | Killed a molten gargoyle
  1685 | D        | Identified the +7 battleaxe "Ywobri" {vorpal, Str+4 Dex+4}
                  | (Trog gifted it to you in the Dungeon)
  1685 | D        | Received a gift from Trog
  1686 | D        | Reached skill level 16 in Axes
  1729 | D        | Noticed a cane toad
  1731 | D        | Noticed Erolcha
  1741 | D        | Killed Erolcha
  1742 | D        | Reached skill level 17 in Axes
  1743 | D        | Killed a cane toad
  2027 | D        | Noticed a death yak
  2032 | D        | Killed a death yak
  2032 | D        | Received a gift from Trog
  2033 | D        | Reached skill level 18 in Axes
  2033 | D        | Reached XP level 10. HP: 101/101 MP: 9/9
  2290 | D        | Noticed a sea snake
  2290 | D        | Noticed a smoke demon
  2293 | D        | Killed a sea snake
  2300 | D        | Killed a smoke demon
  2310 | D        | Received a gift from Trog
  2312 | D        | Noticed a harpy
  2312 | D        | Noticed a harpy
  2313 | D        | Noticed a harpy
  2313 | D        | Noticed a black mamba
  2315 | D        | Noticed a bog body
  2321 | D        | Killed a harpy
  2322 | D        | Reached skill level 19 in Axes
  2322 | D        | Killed a harpy
  2327 | D        | Killed a black mamba
  2367 | D        | Killed a bog body
  2370 | D        | Reached skill level 20 in Axes
  2522 | D        | Killed a harpy
  2522 | D        | Received a gift from Trog
  2523 | D        | Reached XP level 11. HP: 86/111 MP: 10/10
  2618 | D        | Noticed a skeletal warrior
  2619 | D        | Noticed a skeletal warrior
  2627 | D        | Noticed a skeletal warrior
  2631 | D        | Killed a skeletal warrior
  2632 | D        | Reached skill level 15 in Fighting
  2634 | D        | Killed a skeletal warrior
  2635 | D        | Reached skill level 15 in Armour
  2639 | D        | Killed a skeletal warrior
  2654 | D        | Noticed a lindwurm
  2715 | D        | Killed a lindwurm
  2716 | D        | Reached skill level 21 in Axes
  2889 | D        | Noticed an orc knight
  2892 | D        | Identified the +7 great sword of the Trees {antimagic,
                  | rElec rN++ Int-2 Dex+2} (Trog gifted it to you in the
                  | Dungeon)
  2892 | D        | Received a gift from Trog
  2893 | D        | Noticed a sea snake
  2907 | D        | Killed a sea snake
  2909 | D        | Received a gift from Trog
  2914 | D        | Slain by a shadow wraith

Illustrated notes

Levels and vault maps discovered:
D:        pitsprint [storerooms_1, entrance_room_1, metal_vault_8, armoury_1,
          mini_pit_1, grid_room_1, main_hall_1, silver_pit, the_coven_3,
          the_vestibule_1, steel_vault_3, golden_pit, hallway_of_sentries,
          crystal_vault_1, iron_vault_4, final_vault]

Skill      XL: |  1  2  3  4  5  6  7  8  9 10 11 |
---------------+----------------------------------+-----
Fighting       | 4 5 7 9 10 11 13 14 16 | 16.0
Axes           | 4 7 9 10 12 13 15 18 20 21 | 21.6
Armour         | 3 4 6 7 8 9 11 13 14 15 | 15.8
Dodging        | 4 6 8 9 10 12 13 14 | 14.5

Action                   |  1- 3 |  4- 6 |  7- 9 | 10-12 || total
-------------------------+-------+-------+-------+-------++-------
Melee: Hand axe          |    13 |    40 |    23 |       ||    76
       Headbutt          |     1 |     8 |     6 |    13 ||    28
       Punch             |       |     2 |       |       ||     2
       Broad axe         |       |       |     8 |       ||     8
       Battleaxe         |       |       |    22 |    74 ||    96
Invok: Berserk           |     1 |       |     3 |     3 ||     7
       Trog's Hand       |       |       |       |     1 ||     1
  Use: Scroll            |       |       |       |     2 ||     2
       Potion            |       |       |       |     1 ||     1
Armor: Animal skin       |     1 |     1 |       |       ||     2
       Chain mail        |       |    13 |    22 |    29 ||    64
Dodge: Dodged            |    12 |    24 |    42 |    83 ||   161
